cohdb
Replays
Latest Replays
All Replays
Popular Replays
Top Player Replays
Match Explorer
How It Works
Community
CoH3 Stats
Reddit
Sign in to upload your games and track your stats! →
Sign in with Steam
Match 41123230
Unlisted
Match 41123230
Overview
Messages
Build Orders
End
Construct Barracks
Selects Special Operations Battlegroup
Selects M29 Weasel Recon Vehicle
M29 Weasel Recon Vehicle
Riflemen Squad
Riflemen Squad
M1 Mortar Team
Air Support Center
Grasshopper Recon Run
P-47 Strafing Run
Riflemen Squad
P-47 Dive Bomb
Construct Tank Depot
P-47 Dive Bomb
P-47 Strafing Run
Selects P-47 Anti-Infantry Loiter
Grasshopper Recon Run
Engineer Squad
Selects UNKNOWN (2162291)
M4A1 Sherman Whizbang
P-47 Dive Bomb
M4A1 Sherman Whizbang
Grasshopper Recon Run
Selects Raiding Flares
Selects SSF Commando Squad
M4A1 Sherman Whizbang
Engineer Squad
Moonshield
Pob
Pob
oldeenglishdry
frostie
綾目
0
0
Comments
sign in to comment!
No comments posted yet!